 Dungeon Crawl Stone Soup version 0.28.0-43-g3370ac3207 (webtiles) character file.

Game seed: 9058799744302813861

243 smarlow the Magician (level 5, -1/29 HPs)
             Began as a Deep Elf Conjurer on Mar 3, 2022.
             Shot with an arrow by a centaur (14 damage)
             ... on level 4 of the Dungeon.
             The game lasted 00:04:46 (3042 turns).

smarlow the Magician (Deep Elf Conjurer)            Turns: 3042, Time: 00:04:47

Health: -1/29      AC:  2    Str:  4    XL:     5   Next: 82%
Magic:  9/14       EV: 28    Int: 25    God:
Gold:   111        SH:  0    Dex: 13    Spells: 5/14 levels left

rFire   . . .      SeeInvis .   f - staff of poison
rCold   . . .      Faith    .   (no shield)
rNeg    . . .      Spirit   .   a - +0 robe
rPois   +          Reflect  .   (no helmet)
rElec   .          Harm     .   (no cloak)
rCorr   .          Rampage  .   (no gloves)
Will    .....                   (no boots)
Stlth   ++........              l - amulet of the acrobat
HPRegen 0.09/turn               (no ring)
MPRegen 0.14/turn               (no ring)

@: acrobatic
A: no striking features
a: no special abilities


You were on level 4 of the Dungeon.
You visited 1 branch of the dungeon, and saw 4 of its levels.

You collected 111 gold pieces.

Inventory:

Armour
 a - a +0 robe (worn)
Magical Staves
 f - a staff of poison (weapon)
Jewellery
 l - an amulet of the acrobat (around neck)
Wands
 n - a wand of flame (19)
Scrolls
 c - a scroll of enchant armour {unknown}
 d - a scroll of summoning {unknown}
 g - a scroll of enchant weapon {unknown}
 j - 2 scrolls of fear {unknown}
 m - a scroll of blinking {unknown}
 o - a scroll of amnesia {unknown}
Potions
 b - a potion of might {unknown}
 e - 2 potions of flight {unknown}
 h - a potion of curing {unknown}
 i - 2 potions of attraction {unknown}
 k - a potion of haste {unknown}


   Skills:
 + Level 1.2 Fighting
 + Level 1.5 Staves
 + Level 3.4 Dodging
 + Level 3.6 Stealth
 * Level 5.2 Spellcasting
 * Level 5.1 Conjurations
 + Level 0.9 Translocations


You had 5 spell levels left.
You knew the following spells:

 Your Spells              Type           Power      Damage    Failure   Level
a - Magic Dart            Conj           100%       1d8       1%          1
b - Fulminant Prism       Conj/Hex       9%         3d7       28%         4
c - Iskenderun's Mystic   Conj/Tloc      21%        2d6       22%         4

Your spell library contained the following spells:

 Spells                   Type           Power      Damage    Failure   Level
 Searing Ray              Conj           64%        2d6       1%          2
 Dazzling Flash           Conj/Hex       38%        N/A       9%          3
 Ozocubu's Armour         Ice            6%         N/A       24%         3
 Summon Forest            Summ/Tloc      4%         N/A       88%         5
 Eringya's Noxious Bog    Tmut/Pois      4%         N/A       100%        6
 Ozocubu's Refrigeration  Ice            3%         4d5       100%        7
 Summon Hydra             Summ           3%         N/A       100%        7


Dungeon Overview and Level Annotations

Branches:
Dungeon (4/15)
 Temple: D:4-7

Altars:
Ashenzari
Kikubaaqudgha

Annotations:
D:2 Sigmund


Message History

Things that are here:
a +0 dagger; a +0 robe
Found 22 stones.
Found a Fen Folio.
Things that are here:
a +0 mace; a +0 scale mail
Things that are here:
a +0 club; a +0 leather armour
o - a scroll labelled FIAC VEPHIEBBA You see here a +0 spear.
You pick up a Fen Folio and begin reading...
You add the spells Summon Forest, Eringya's Noxious Bog and Summon Hydra to your library.
Things that are here:
a +0 chain mail; 3 silver boomerangs; a +0 dagger
Found an arbalest.
A centaur is nearby!
The magic dart hits the centaur.
The centaur is lightly wounded.
The centaur shouts!
The centaur shoots an arrow.
The arrow barely misses you.
Casting: Magic Dart (safe; 1% risk of failure)
Confirm with . or Enter, or press ? or * to list all spells.
The spell is extremely dangerous to miscast (28% risk of failure)!
Continue anyway?
Okay, then.
Casting: Fulminant Prism (extremely dangerous; 28% risk of failure)
Confirm with . or Enter, or press ? or * to list all spells.
The spell is extremely dangerous to miscast (28% risk of failure)!
Continue anyway?
Aiming: Fulminant Prism (extremely dangerous; 28% risk of failure)
Press: ? - help, Dir - move target, p - centaur You conjure a prism of explosive energy!
A fulminant prism comes into view.
The centaur shoots an arrow.
The arrow hits you!
The centaur shoots an arrow.
The arrow hits you!
You hear a loud crackle.
You hear an explosion!
The centaur shoots an arrow.
The arrow closely misses you.
Things that are here:
a +0 chain mail; 3 silver boomerangs; a +0 dagger The centaur shoots an arrow.
The arrow hits you!
You die...

. . ........###..# #. #.#.
#. .####.#.#.# .# ##
#.#.##.###.####.#..# .#
.............*...## . .##
#.#.##.###.##.#<.# .#
...#...........c.#.#.#
#.#.#.#.##.#.##.#.####
#.##...#......[.##.#..)..
#.##.#......#@#...........
###....#.#.(....#.##..######
...##........#...##..#
#.##.#.##.#.#.#.##..#
#....)........#.....#
####.##.###.##.#.#.##.##
<..#).).)..........##.#
##...####.###.##.#.# .#
#...# .# .# .#


You could see a centaur.

Vanquished Creatures
  2 orc priests (D:3)
  Terence (D:3)
  An orc wizard (D:4)
  4 adders
  A gnoll (D:4)
  A howler monkey skeleton (D:3)
  An adder skeleton (D:4)
  A worm (D:3)
  2 dart slugs (D:1)
  12 orcs
  5 ball pythons
  4 endoplasms
  2 giant cockroaches
  4 hobgoblins
  4 jackals (D:2)
  3 kobolds
  A quokka (D:3)
  4 bats
  3 frilled lizards
  A jackal skeleton (D:4)
  7 rats
64 creatures vanquished.

Vanquished Creatures (others)
  A fulminant prism (D:4)
1 creature vanquished.

Grand Total: 65 creatures vanquished

Notes
Turn   | Place    | Note
-------+----------+-------------------------------------------
     0 | D:1      | smarlow the Deep Elf Conjurer began the quest for the Orb.
     0 | D:1      | Reached XP level 1. HP: 10/10 MP: 6/6
   279 | D:1      | Reached XP level 2. HP: 15/15 MP: 4/8
  1133 | D:2      | Reached XP level 3. HP: 19/19 MP: 3/10
  1436 | D:2      | Found an ancient bone altar of Kikubaaqudgha.
  1451 | D:2      | Noticed Sigmund
  1790 | D:3      | Found a broken altar of Ashenzari.
  1815 | D:3      | Noticed Terence
  1852 | D:3      | Killed Terence
  1853 | D:3      | Reached XP level 4. HP: 24/24 MP: 6/12
  1955 | D:3      | Reached skill level 1 in Staves
  2108 | D:3      | Reached skill level 1 in Fighting
  2171 | D:3      | Reached XP level 5. HP: 25/29 MP: 7/14
  2248 | D:3      | Learned a level 4 spell: Fulminant Prism
  2253 | D:3      | Learned a level 4 spell: Iskenderun's Mystic Blast
  2274 | D:3      | Reached skill level 5 in Spellcasting
  2513 | D:4      | Reached skill level 5 in Conjurations
  2592 | D:4      | Noticed a centaur
  3042 | D:4      | Shot with an arrow by a centaur

Illustrated notes

Levels and vault maps discovered:
D:1:      wander_arrival_fairy_ring, layout_loops_ring, minmay_door_square,
          fountainhead, supply_closet_lemuel, hex_medium
D:2:      layout_loops_ring, basic_altar, uniq_jessica, uniq_sigmund,
          uniq_crazy_yiuf_cottage
D:3:      layout_rooms, mainiacjoe_overflow_brackets, uniq_terence
D:4:      layout_loops_ring, minmay_diced_spiral

Skill      XL: |  1  2  3  4  5 |
---------------+----------------+-----
Stealth        | 3 |  3.6
Spellcasting   | 4 5 |  5.2
Dodging        | 3 |  3.4
Staves         | 1 |  1.5
Fighting       | 1 |  1.2
Conjurations   | 5 |  5.1
Translocations | |  0.9

Action                   |  1- 3 |  4- 6 || total
-------------------------+-------+-------++-------
Melee: Unarmed           |     1 |       ||     1
 Cast: Magic Dart        |    88 |    73 ||   161
       Fulminant Prism   |       |     1 ||     1
Armor: Robe              |     2 |       ||     2
Dodge: Dodged            |     2 |    11 ||    13
